Map: Hardwire LE

Players

DoeBy

  • Race: Zerg Zerg
  • League: Master
  • Spawn Location: 7:00

Pumba - Winner!

  • Race: Protoss Protoss
  • League: Master
  • Spawn Location: 1:00

VOD

Have the link to the VOD?

Description

Time

  • Played on: March 29, 2022, 5:41 p.m.
  • Length: 10:23
Show
View Real Time Build Order
Export as new Build Order

DoeBy Zerg 

Build Orders: Hatch First 

Get SALT Encoding   

  12  0:00  Drone  
  13  0:12  Overlord  
  13  0:17  Drone  
  14  0:31  Drone x2  
  16  0:48  Hatchery  
  15  0:51  Drone  
  15  0:54  Drone  
  17  0:58  Drone  
  18  1:09  Extractor  
  17  1:14  Spawning Pool  
  17  1:17  Drone  
  17  1:27  Drone  
  17  1:30  Drone  
  19  1:42  Drone  
  20  1:50  Drone  
  21  2:00  Queen x2  
  25  2:01  Zergling x2  
  25  2:02  Drone  
  27  2:18  Hatchery  
  26  2:23  Zergling x2  
  26  2:24  Metabolic Boost  
  27  2:40  Drone  
  27  2:46  Overlord  
  27  2:49  Baneling Nest  
  26  2:52  Zergling x4  
  28  3:04  Queen  
  30  3:08  Zergling x10  
  30  3:12  Zergling x2  
  36  3:14  Overlord  
  35  3:33  Zergling x14  
  42  3:44  Zergling x8  
  46  3:56  Baneling x7  
  46  4:01  Drone x2  
  41  4:18  Zergling x8  
  39  4:29  Zergling x4  
  38  4:33  Zergling x2  
  34  4:42  Drone  
  33  4:46  Drone x3  
  36  4:53  Drone  
  36  4:54  Drone x2  
  39  5:00  Drone x2  
  39  5:04  Zergling x2  
  42  5:09  Drone x2  
  43  5:30  Spore Crawler  
  43  5:31  Drone x4  
  43  5:32  Drone x2  
  47  5:47  Drone x3  
  50  5:54  Overlord x2  
  51  6:10  Lair  
  50  6:15  Queen  
  50  6:16  Queen  
  50  6:18  Zergling x6  
  57  6:22  Zergling x2, Extractor  
  57  6:23  Overlord x2  
  57  6:34  Drone  
  57  6:35  Overlord  
  57  6:47  Drone x2  
  57  6:48  Drone x2  
  57  7:06  Overlord  
  57  7:10  Nydus Network  
  57  7:14  Queen x2  
  60  7:16  Queen  
  60  7:18  Zergling x24  
  74  7:24  Spore Crawler  
  74  7:29  Zergling x8  
  77  7:38  Overseer  
  77  7:46  Nydus Canal  
  77  7:51  Queen x2  
  77  7:54  Zergling x12  
  85  8:07  Nydus Canal  
  85  8:17  Baneling x6  
  85  8:18  Baneling  
  85  8:24  Nydus Canal  
  83  8:35  Queen  
  85  8:43  Nydus Canal  
  79  8:49  Queen x2  
  79  8:52  Zergling x12  
  80  9:05  Drone x3  
  80  9:06  Overseer  
  61  9:21  Drone  
  61  9:22  Drone x17  
  78  9:29  Spire  
  77  9:42  Baneling x5  
  77  9:47  Roach Warren  
  77  9:52  Evolution Chamber  
  75  9:53  Extractor  
  75  9:54  Nydus Canal, Extractor  
  71  10:08  Drone  
Show
View Real Time Build Order
Export as new Build Order

Pumba Protoss - Winner!

Build Orders: 1 Gate Expand, Oracle Opening, Zealot Archon 

Get SALT Encoding   

  12  0:00  Probe  
  13  0:12  Probe  
  14  0:22  Pylon  
  14  0:25  Probe  
  15  0:40  Probe (Chrono Boost), Gateway  
  16  0:49  Assimilator  
  17  0:50  Probe (Chrono Boost)  
  17  0:54  Probe (Chrono Boost)  
  18  1:06  Probe  
  19  1:18  Probe  
  20  1:26  Nexus  
  20  1:34  Cybernetics Core  
  20  1:38  Probe  
  21  1:42  Assimilator  
  21  1:50  Probe  
  21  1:54  Pylon  
  22  2:02  Probe  
  23  2:09  Adept (Chrono Boost)  
  23  2:15  Probe  
  26  2:19  Stargate  
  26  2:27  Probe (Chrono Boost)  
  26  2:29  Adept (Chrono Boost)  
  27  2:31  Warp Gate  
  29  2:38  Probe (Chrono Boost)  
  31  2:45  Probe (Chrono Boost)  
  31  2:47  Probe (Chrono Boost)  
  33  2:52  Probe x2 (Chrono Boost)  
  34  3:00  Gateway  
  34  3:03  Probe  
  35  3:06  Adept  
  35  3:09  Oracle (Chrono Boost)  
  35  3:12  Probe  
  41  3:15  Probe  
  42  3:20  Pylon  
  42  3:27  Probe  
  43  3:38  Probe  
  43  3:39  Oracle  
  43  3:40  Probe  
  48  3:50  Probe  
  48  3:53  Probe  
  48  3:55  Pylon  
  50  4:01  Nexus  
  50  4:02  Probe, Pylon  
  51  4:05  Probe  
  52  4:15  Gateway  
  52  4:31  Adept x2  
  53  4:40  Pylon  
  50  4:50  Pylon  
  47  4:53  Probe  
  47  4:54  Probe  
  49  5:00  Pylon  
  49  5:03  Pylon  
  49  5:04  Gateway  
  49  5:05  Probe, Pylon  
  49  5:06  Assimilator  
  54  5:07  Gateway  
  54  5:08  Assimilator  
  54  5:09  Gateway, Void Ray (Chrono Boost)  
  54  5:19  Probe x2  
  54  5:21  Pylon  
  56  5:28  Robotics Facility  
  56  5:31  Twilight Council, Probe  
  56  5:32  Forge  
  57  5:41  Probe  
  58  5:45  Probe  
  59  5:53  Probe  
  60  6:05  Probe  
  60  6:09  Pylon  
  60  6:11  Nexus  
  61  6:14  Probe  
  61  6:17  Probe  
  63  6:23  Observer (Chrono Boost)  
  64  6:25  Protoss Ground Weapons Level 1  
  64  6:26  Charge  
  64  6:32  Gateway, Probe x2  
  66  6:34  Gateway x2  
  66  6:35  Immortal (Chrono Boost)  
  66  6:36  Sentry  
  66  6:37  Sentry x3  
  78  6:44  Probe x2  
  80  6:56  Probe x2  
  82  7:08  Probe  
  82  7:09  Probe  
  82  7:10  Immortal (Chrono Boost)  
  82  7:12  Pylon  
  88  7:17  Templar Archives  
  88  7:20  Pylon  
  88  7:21  Pylon  
  88  7:23  Pylon  
  88  7:24  Pylon  
  88  7:28  Pylon  
  88  7:46  Warp Prism (Chrono Boost)  
  90  7:53  High Templar  
  90  7:54  Zealot x3, High Templar x2  
  90  7:55  Zealot, High Templar  
  106  7:59  Archon x2  
  106  8:01  Probe  
  107  8:07  Shield Battery  
  107  8:09  Pylon  
  107  8:11  Shield Battery  
  107  8:12  Pylon  
  107  8:14  Zealot x2  
  107  8:15  Zealot  
  113  8:23  Pylon  
  113  8:25  Pylon  
  113  8:27  High Templar x2  
  113  8:28  Zealot x4  
  113  8:32  Archon  
  125  8:35  Zealot x3  
  127  8:54  Zealot x4  
  133  9:05  Zealot x3  
  133  9:06  Zealot x2  
  129  9:19  Stalker  
  131  9:40  High Templar x4  
  131  9:41  Zealot x3  
  145  9:47  Archon x2  
  145  9:48  Gateway  
  145  9:50  Gateway  
  145  9:53  Gateway  
  145  9:56  Gateway  
  145  10:04  Gateway  
  145  10:05  Probe x2  
  141  10:09  Nexus, Zealot x4  
  141  10:10  Pylon  
  141  10:13  Pylon  
Tags
 
Add a new tag
Caveats
  • Supply blocks, unpowered buildings, or Contaminate may cause inaccurate times.
  • Supply counts are checked every 10 seconds.